 Dungeon Sprint DCSS version 0.29.1-1-gd02db6906a (webtiles) character file.

Game seed: 16937953427604101384

28207 Groucho the Warrior (level 13, -47/142 HPs)
             Began as a Naga Wanderer on Sept 26, 2022.
             Was the Champion of Cheibriados.
             Killed from afar by a Hell Sentinel (58 damage)
             ... with an iron shot
             ... in the Dungeon (Sprint V: "Ziggurat Sprint").
             The game lasted 00:13:39 (1667 turns).

Groucho the Warrior (Naga Wanderer)                 Turns: 1667, Time: 00:13:40

Health: -47/142    AC: 29    Str: 27    XL:     13   Next: 37%
Magic:  8/23       EV: 10    Int: 28    God:    Cheibriados [******]
Gold:   0          SH: 34    Dex: 33    Spells: 15/16 levels left

rFire   . . .      SeeInvis +   E - +6 shillelagh "Devastator" {shatter}
rCold   . . .      Faith    .   D - +18 shield of the Gong {rElec rN+ Will+ EV-5}
rNeg    + . .      Spirit   .   C - +15 Maxwell's patent armour {-Cast -Tele rElec Will+ rCorr}
rPois   +          Reflect  .   (no helmet)
rElec   +          Harm     .   (no cloak)
rCorr   +          Rampage  .   (no gloves)
Will    +++..      NoTele   +   (no barding)
Stlth   .......... NoCast   +   (no amulet)
HPRegen 0.33/turn               (no ring)
MPRegen 0.18/turn               (no ring)

@: studying Fighting, very slow
A: AC +4, large, see invisible, deformed body, poison resistance, slowness 2,
spit poison 1, naga tail 2
a: Spit Poison, Renounce Religion, Bend Time, Temporal Distortion, Slouch, Step
From Time


You were in the Dungeon.
You worshipped Cheibriados.
Cheibriados was exalted by your worship.
You visited 1 branch

Inventory:

Hand Weapons
 B - the +14 obsidian axe {vorpal, Mesm Drain Fly SInv}
   (You found it in the Dungeon)

   It inflicts extra damage upon your enemies.
   It occasionally summons demons to assist the wielder when it strikes in
   combat.
   Its wielder is mesmerised by any visible foes.
   It cannot be unequipped while any foes are visible.
   SInv:      It lets you see invisible.
   Fly:       It grants you flight.
   Drain:     It drains your maximum health when unequipped.
 E - the +6 shillelagh "Devastator" (weapon) {shatter}
   (You found it in the Dungeon)

   It releases a powerful concussive burst when it strikes, dealing extra damage
   to the target and all other foes adjacent to them.
 F - a +5 sling
Armour
 a - +5 gold dragon scales
 C - the +15 Maxwell's patent armour (worn) {-Cast -Tele rElec Will+ rCorr}
   (You found it in the Dungeon)

   rElec:     It insulates you from electricity.
   -Cast:     It prevents spellcasting.
   -Tele:     It prevents most forms of teleportation.
   rCorr:     It protects you from acid and corrosion.
   Will:      It increases your willpower.
 D - the +18 shield of the Gong (worn) {rElec rN+ Will+ EV-5}
   (You found it in the Dungeon)

   It is deafeningly noisy when blocking attacks.
   EV:        It affects your evasion (-5).
   rElec:     It insulates you from electricity.
   rN:        It protects you from negative energy.
   Will:      It increases your willpower.
Jewellery
 u - a ring of flight
 v - a +6 ring of dexterity
 w - a +6 ring of dexterity
 x - a +6 ring of intelligence
 y - a +6 ring of intelligence
 z - a +6 ring of strength
 A - a +6 ring of strength
 H - a ring of magical power
Wands
 r - a wand of mindburst (7)
 s - a wand of iceblast (7)
 t - a wand of acid (7)
Scrolls
 b - 5 scrolls of blinking
 d - 2 scrolls of silence
 n - 4 scrolls of amnesia
 o - 7 scrolls of fog
 p - 5 scrolls of identify
 q - 2 scrolls of fear
 G - 2 scrolls of brand weapon
Potions
 c - 2 potions of brilliance
 e - 10 potions of curing
 g - 6 potions of haste
 h - 7 potions of magic
 i - 3 potions of berserk rage
 j - 2 potions of invisibility
 k - 4 potions of resistance
 m - 6 potions of might
 I - a potion of lignification {unknown}
 J - a potion of degeneration {unknown}


   Skills:
 * Level 16.9 Fighting
 * Level 7.8 Maces & Flails
 * Level 12.1 Armour
 + Level 11.4 Dodging
 * Level 13.2 Shields
 - Level 2.0 Spellcasting
 - Level 4.0 Poison Magic
 + Level 14.4 Invocations


You had 15 spell levels left.
You knew the following spells:

 Your Spells              Type           Power      Damage    Failure   Level
a - Sting                 Tmut/Pois      56%        1d5       45%         1

Your spell library contained the following spells:

 Spells                   Type           Power      Damage    Failure   Level
 Beastly Appendage        Tmut           4%         N/A       75%         1
 Spider Form              Tmut/Pois      14%        N/A       83%         3
 Static Discharge         Conj/Air       2%         3-4/arc   86%         2
 Ignite Poison            Fire/Tmut/Pois 10%        N/A       89%         3
 Mephitic Cloud           Conj/Pois/Air  10%        N/A       89%         3
 Olgreb's Toxic Radiance  Pois           25%        N/A       91%         4
 Confusing Touch          Hex            2%         N/A       98%         3
 Conjure Flame            Conj/Fire      2%         6-21      98%         3
 Flame Wave               Conj/Fire      2%         2d4       100%        4
 Fulminant Prism          Conj/Hex       1%         3d6       100%        4
 Iskenderun's Mystic Bla  Conj/Tloc      2%         2d3       100%        4
 Alistair's Intoxication  Tmut/Pois      9%         N/A       100%        5
 Blade Hands              Tmut           1%         N/A       100%        5
 Borgnjor's Vile Clutch   Necr/Erth      1%         N/A       100%        5
 Freezing Cloud           Conj/Ice/Air   1%         6-21      100%        5
 Lee's Rapid Deconstruct  Erth           1%         3d5*      100%        5
 Lightning Bolt           Conj/Air       1%         1d12      100%        5
 Yara's Violent Unravell  Hex/Tmut       1%         3d3       100%        5
 Eringya's Noxious Bog    Tmut/Pois      7%         N/A       100%        6
 Dragon Form              Tmut           1%         N/A       100%        7
 Enfeeble                 Hex            1%         N/A       100%        7
 Spellforged Servitor     Conj/Summ      1%         N/A       100%        7
 Maxwell's Capacitive Co  Air            1%         ∞         100%        8


Dungeon Overview and Level Annotations

Branches:
Dungeon (1/1)

Altars:
Ashenzari
Cheibriados
Dithmenos
Elyvilon
Fedhas
Gozag
Hepliaklqana
Kikubaaqudgha
Makhleb
Nemelex Xobeh
Okawaru
Qazlal
Ru
Sif Muna
Trog
Uskayaw
Vehumet
Wu Jian
Xom
Yredelemnul
Zin
The Shining One
Jiyva
Lugonu


Innate Abilities, Weirdness & Mutations

Your serpentine skin is tough. (AC +4)
You have supernaturally acute eyesight. (SInv)
Armour fits poorly on your strangely shaped body.
Your system is resistant to poisons. (rPois)
You cover ground very slowly.
You can spit poison.
You can use your snake-like lower body to constrict enemies.


Message History

* * * LOW HITPOINT WARNING * * *
The damnation engulfs the Hell Sentinel.
The Hell Sentinel completely resists.
You feel more experienced!
You have reached level 13!
Your tail grows strong enough to constrict your enemies.
You block the Hell Sentinel's attack.
BONNNG!
You block the Hell Sentinel's attack.
PTOANNNG!
Okay, then.
You hit the Hell Sentinel but do no damage.
You grab the Hell Sentinel.
The Hell Sentinel is almost dead.
You constrict the Hell Sentinel, but do no damage.
You block the Hell Sentinel's attack.
PTOANNNG!
You block the Hell Sentinel's attack.
BOUMMMMG!
Unknown command.
Unknown command.
You hit the Hell Sentinel but do no damage.
The Hell Sentinel is almost dead.
You constrict the Hell Sentinel. You block the Hell Sentinel's attack.
SHROANNG!
You block the Hell Sentinel's attack.
GONNNNG!
Unknown command.
Unknown command.
Unknown command.
You hit the Hell Sentinel but do no damage.
The Hell Sentinel is almost dead.
You constrict the Hell Sentinel.
Unknown command.
You hit the Hell Sentinel but do no damage.
The Hell Sentinel is almost dead.
You constrict the Hell Sentinel. The Hell Sentinel gestures at you.
The iron shot hits you!!!
You die...

▓...8©8...▓
▓..)))")..▓..[}})[..▓
▓..)|):}..▓...})....▓
▓.........▓.....)...▓
▓....)....▓.....)...▓
▓..))..)..▓......)..▓
▓...))....▓....(....▓
▓...)1....▓...)))...▓
▓.▓.)@..▓.▓....©....▓
▓....©....▓▓▓▓▓▓▓▓▓▓▓
▓▓▓▓▓▓▓▓▓▓▓


You could see a Hell Sentinel.

Vanquished Creatures
  5 ancient champions (D)
  A reaper (D)
  4 war gargoyles (D)
  3 two-headed ogres (D)
  Erica (D)
  A cyclops (D)
  2 toenail golems (D)
  2 gargoyles (D)
  2 smoke demons (D)
  2 yaktaurs (D)
  A troll (D)
  Sigmund (D)
  A fire elemental (D)
  A chaos spawn (D)
  Edmund (D)
  2 hell hounds (D)
  Duvessa (D)
  4 ogres (D)
  A wolf (D)
  2 phantoms (D)
  Blork the orc (D)
  2 earth elementals (D)
  A wight (D)
  Dowan (D)
  4 quasits (D)
  A crimson imp (D)
  Crazy Yiuf (D)
  Jessica (D)
  An iguana (D)
  5 river rats (D)
  2 white imps (D)
  2 ufetubi (D)
  An adder zombie (D)
  A bat zombie (D)
  A jackal (D)
63 creatures vanquished.

Notes
Turn   | Place    | Note
-------+----------+-------------------------------------------
     0 | D        | Groucho the Naga Wanderer began the quest for the Orb.
     0 | D        | Groucho set off with the following items: a +0 dagger, 2
                  | scrolls of blinking, a +0 robe, 2 scrolls of silence, a
                  | potion of curing, a potion of heal wounds, a potion of
                  | haste, 2 potions of magic, a potion of berserk rage; and
                  | the following spell memorised: Sting; and the following
                  | spells available to memorise: Spider Form, Ignite Poison.
     0 | D        | Reached XP level 1. HP: 21/21 MP: 3/3
    10 | D        | Found a blossoming altar of Fedhas.
    10 | D        | Found the +6 Majin-Bo {vamp, MP+6 Int+6}
    10 | D        | Found the +9 heavy crossbow "Sniper" {vorpal, Acc+∞ SInv}
    10 | D        | Found the +10 dark maul {vorpal}
    10 | D        | Found the +15 Maxwell's patent armour {-Cast -Tele rElec
                  | Will+ rCorr}
    10 | D        | Found the +18 shield of the Gong {rElec rN+ Will+ EV-5}
    10 | D        | Found the +14 obsidian axe {vorpal, Mesm Drain Fly SInv}
    10 | D        | Found the +7 great mace "Firestarter" {inner flame, rF++}
    10 | D        | Found the +6 shillelagh "Devastator" {shatter}
    10 | D        | Found the +11 plutonium sword {Contam Stlth-}
    10 | D        | Found the +8 lance "Wyrmbane" {slay drac, rPois rF+ rC+
                  | AC+3}
    10 | D        | Found the +9 sword of Zonguldrok {reap}
    10 | D        | Found the +13 scythe of Curses {drain, Drain}
    10 | D        | Found the +5 sword of Power {vorpal}
    10 | D        | Found the +7 mace of Variability {chain chaos}
    10 | D        | Found the +7 Singing Sword {vorpal, sonic wave}
    10 | D        | Found the +8 storm bow {elec, penet}
    13 | D        | Found a shimmering blue altar of Sif Muna.
    13 | D        | Found a sacrificial altar of Ru.
    13 | D        | Found a bloodstained altar of Trog.
    13 | D        | Found a stormy altar of Qazlal.
    13 | D        | Found an iron altar of Okawaru.
    13 | D        | Found a sparkling altar of Nemelex Xobeh.
    15 | D        | Found a transporter.
    15 | D        | Found an ancient bone altar of Kikubaaqudgha.
    15 | D        | Found a viscous altar of Jiyva.
    15 | D        | Found a corrupted altar of Lugonu.
    15 | D        | Found a hazy altar of Hepliaklqana.
    15 | D        | Found a burning altar of Makhleb.
    15 | D        | Found an opulent altar of Gozag.
   103 | D        | Became a worshipper of Cheibriados the Contemplative
   118 | D        | Entered arena 2.
   118 | D        | Noticed a yaktaur
   118 | D        | Noticed a yaktaur
   118 | D        | Found a transporter.
   125 | D        | Killed a yaktaur
   126 | D        | Reached skill level 6 in Fighting
   126 | D        | Reached skill level 5 in Invocations
   126 | D        | Reached XP level 2. HP: 33/33 MP: 3/5
   126 | D        | Reached XP level 3. HP: 40/40 MP: 4/7
   126 | D        | Reached XP level 4. HP: 48/48 MP: 4/8
   126 | D        | Reached XP level 5. HP: 55/55 MP: 4/9
   126 | D        | Reached XP level 6. HP: 62/62 MP: 4/10
   126 | D        | Killed a yaktaur
   127 | D        | Reached skill level 7 in Fighting
   127 | D        | Reached skill level 5 in Armour
   127 | D        | Reached skill level 5 in Dodging
   127 | D        | Reached skill level 5 in Shields
   127 | D        | Reached XP level 7. HP: 72/72 MP: 4/12
   449 | D        | Entered arena 3.
   449 | D        | Noticed a fire elemental
   449 | D        | Found a transporter.
   453 | D        | Reached * piety under Cheibriados
   461 | D        | Reached ** piety under Cheibriados
   467 | D        | Killed a fire elemental
   468 | D        | Reached skill level 8 in Fighting
   612 | D        | Entered arena 4.
   612 | D        | Found a transporter.
   615 | D        | Reached *** piety under Cheibriados
   616 | D        | Reached XP level 8. HP: 81/81 MP: 14/14
   630 | D        | Entered arena 5.
   630 | D        | Found a transporter.
   634 | D        | Reached **** piety under Cheibriados
   635 | D        | Reached ***** piety under Cheibriados
   816 | D        | Entered arena 6.
   816 | D        | Found a transporter.
   839 | D        | Entered arena 7.
   839 | D        | Noticed a gargoyle
   839 | D        | Noticed a toenail golem
   839 | D        | Noticed a toenail golem
   839 | D        | Noticed a gargoyle
   840 | D        | Killed a gargoyle
   840 | D        | Reached ****** piety under Cheibriados
   840 | D        | Killed a gargoyle
   841 | D        | Reached skill level 9 in Fighting
   841 | D        | Reached XP level 9. HP: 92/92 MP: 9/16
   842 | D        | Found a transporter.
   843 | D        | Killed a toenail golem
   843 | D        | Killed a toenail golem
   844 | D        | Reached skill level 10 in Fighting
   844 | D        | Reached skill level 10 in Invocations
   999 | D        | Entered arena 8.
   999 | D        | Noticed a reaper
  1004 | D        | Found a transporter.
  1018 | D        | Killed a reaper
  1019 | D        | Reached XP level 10. HP: 57/103 MP: 18/18
  1172 | D        | Entered arena 9.
  1172 | D        | Noticed a smoke demon
  1172 | D        | Noticed a smoke demon
  1184 | D        | Killed a smoke demon
  1185 | D        | Reached skill level 11 in Fighting
  1194 | D        | Killed a smoke demon
  1198 | D        | Found a transporter.
  1206 | D        | Got Sif Muna's Guidebook on Vitiation and Forms
  1570 | D        | Entered arena 10.
  1570 | D        | Noticed Sigmund
  1570 | D        | Noticed Jessica
  1570 | D        | Noticed Blork the orc
  1570 | D        | Noticed Crazy Yiuf
  1570 | D        | Noticed Dowan
  1570 | D        | Noticed Duvessa
  1570 | D        | Noticed Edmund
  1570 | D        | Noticed Erica
  1571 | D        | Killed Crazy Yiuf
  1571 | D        | Killed Dowan
  1571 | D        | Killed Sigmund
  1571 | D        | Killed Jessica
  1572 | D        | Reached skill level 10 in Shields
  1572 | D        | Killed Duvessa
  1572 | D        | Killed Edmund
  1572 | D        | Killed Blork the orc
  1573 | D        | Found a transporter.
  1574 | D        | Killed Erica
  1597 | D        | Got the Tome of Sweltering Shapes
  1601 | D        | Entered arena 11.
  1601 | D        | Noticed a cyclops
  1601 | D        | Noticed a two-headed ogre
  1601 | D        | Noticed a two-headed ogre
  1601 | D        | Noticed a two-headed ogre
  1607 | D        | Reached skill level 12 in Fighting
  1608 | D        | Killed a two-headed ogre
  1608 | D        | Killed a two-headed ogre
  1608 | D        | Killed a two-headed ogre
  1609 | D        | Reached skill level 13 in Fighting
  1609 | D        | Reached skill level 10 in Armour
  1609 | D        | Reached skill level 10 in Dodging
  1609 | D        | Reached XP level 11. HP: 117/117 MP: 9/20
  1611 | D        | Found a transporter.
  1614 | D        | Killed a cyclops
  1615 | D        | Reached skill level 1 in Maces & Flails
  1633 | D        | Got Vehumet's Exposition on Conflict and Filth
  1646 | D        | Entered arena 12.
  1646 | D        | Found the +8 mithril axe "Arga" {speed, Will+}
  1646 | D        | Noticed a war gargoyle
  1646 | D        | Noticed an ancient champion
  1646 | D        | Noticed an ancient champion
  1646 | D        | Noticed an ancient champion
  1646 | D        | Noticed a war gargoyle
  1647 | D        | Noticed an ancient champion
  1647 | D        | Noticed an ancient champion
  1647 | D        | Noticed a Hell Sentinel
  1647 | D        | Noticed a war gargoyle
  1647 | D        | Noticed a war gargoyle
  1649 | D        | Killed a war gargoyle
  1649 | D        | Killed a war gargoyle
  1649 | D        | Killed a war gargoyle
  1649 | D        | Killed an ancient champion
  1649 | D        | Killed a war gargoyle
  1649 | D        | Killed an ancient champion
  1650 | D        | Reached skill level 15 in Fighting
  1650 | D        | Reached XP level 12. HP: 72/133 MP: 10/22
  1650 | D        | Killed an ancient champion
  1650 | D        | Killed an ancient champion
  1650 | D        | Killed an ancient champion
  1651 | D        | Reached skill level 16 in Fighting
  1663 | D        | Gained mutation: You can use your snake-like lower body to
                  | constrict enemies. [Naga growth]
  1663 | D        | Reached XP level 13. HP: 9/142 MP: 7/23
  1667 | D        | Killed from afar by a Hell Sentinel

Illustrated notes

Levels and vault maps discovered:
D:        sprint_v [room_start, room_1, room_2, room_3, room_4, room_5, room_6,
          room_7, room_8, room_9, room_10, room_11, room_12, room_13, room_14,
          room_15, room_16, room_17, room_18, room_19, room_20, room_21,
          room_22, room_23, room_24, room_25, room_26, room_27]

Skill      XL: |  1  2  3  4  5  6  7  8  9 10 11 12 |
---------------+-------------------------------------+-----
Fighting       | 6 7 8 9 10 13 15 16 | 16.9
Armour         | 4 5 6 7 8 10 11 12 | 12.1
Dodging        | 4 5 6 7 8 10 11 | 11.4
Shields        | 4 5 6 8 9 11 12 13 | 13.2
Invocations    | 5 7 8 9 11 13 14 | 14.4
Maces & Flails | 6 7 |  7.8
Spellcasting   | |  2.0
Poison Magic   | |  4.0

Action                   |  1- 3 |  4- 6 |  7- 9 | 10-12 | 13-15 || total
-------------------------+-------+-------+-------+-------+-------++-------
Melee: Shillelagh        |     4 |     1 |    44 |    35 |     4 ||    88
       Constrict         |       |       |       |       |     1 ||     1
 Fire: Sling             |     1 |       |       |       |       ||     1
Invok: Slouch            |       |       |     2 |     7 |       ||     9
  Use: Potion            |     2 |       |     3 |     6 |       ||    11
Armor: Plate armour      |     3 |       |    31 |    43 |       ||    77
Dodge: Dodged            |       |       |     7 |    16 |       ||    23
Block: Kite shield       |    13 |       |   101 |    78 |     6 ||   198
